 Dungeon Crawl Stone Soup version 0.24.1-14-gf8d2b509d9 (console) character file.

Game seed: 7917771111482805254, levelgen mode: deterministic

65 Kagalorn the Stinger (level 4, 0/32 HPs)
             Began as a Gnoll Wanderer on Nov 30, 2020.
             Slain by a jackal (1 damage)
             ... on level 2 of the Dungeon.
             The game lasted 00:04:07 (1956 turns).

Kagalorn the Stinger (Gnoll Wanderer)               Turns: 1956, Time: 00:04:07

Health: 0/32       AC:  2    Str: 15    XL:     4   Next: 13%
Magic:  20/20      EV:  9    Int: 13    God:
Gold:   50         SH:  9    Dex: 16    Spells: 13/13 levels left

rFire    . . .     SeeInvis .   a - +0 dagger
rCold    . . .     Gourm    .   e - +0 shield
rNeg     . . .     Faith    .   d - +0 robe
rPois    .         Spirit   .   (no helmet)
rElec    .         Reflect  .   (no cloak)
rCorr    .         Harm     .   (no gloves)
MR       .....                  (no boots)
Stlth    ++........             (no amulet)
HPRegen  0.10/turn              j - ring of magical power
MPRegen  0.17/turn              (no ring)

@: invisible
A: distributed training, fangs 1, strong nose
a: no special abilities


You were on level 2 of the Dungeon.
You were not hungry.

You visited 1 branch of the dungeon, and saw 2 of its levels.

You collected 50 gold pieces.

Inventory:

Hand Weapons
 a - a +0 dagger (weapon)
 k - a cursed -3 hand axe
Missiles
 c - 25 sling bullets
 g - 32 stones (quivered)
Armour
 d - a +0 robe (worn)
 e - a +0 shield (worn)
Jewellery
 j - a ring of magical power (left hand)
Scrolls
 b - 3 scrolls of identify {unknown}
 h - a scroll of teleportation {unknown}
 l - a scroll of amnesia {unknown}
 m - a scroll of magic mapping {unknown}
Potions
 n - a potion of heal wounds {unknown}
 p - a potion of curing {unknown}
Comestibles
 f - a ration


   Skills:
 + Level 1.0 Fighting
 + Level 1.0 Short Blades
 + Level 1.0 Long Blades
 + Level 1.0 Axes
 + Level 1.0 Maces & Flails
 + Level 1.0 Polearms
 + Level 1.0 Staves
 + Level 1.0 Slings
 + Level 1.0 Bows
 + Level 1.0 Crossbows
 + Level 2.7 Throwing
 + Level 1.0 Armour
 + Level 1.0 Dodging
 + Level 1.0 Stealth
 + Level 2.7 Shields
 + Level 1.0 Unarmed Combat
 + Level 5.0 Spellcasting
 + Level 2.2 Conjurations
 + Level 0.7 Hexes
 + Level 0.7 Charms
 + Level 0.7 Summonings
 + Level 0.7 Necromancy
 + Level 0.7 Translocations
 + Level 2.2 Transmutations
 + Level 0.7 Fire Magic
 + Level 0.7 Ice Magic
 + Level 2.2 Air Magic
 + Level 0.7 Earth Magic
 + Level 5.4 Poison Magic
 + Level 1.1 Invocations
 + Level 1.0 Evocations


You had 13 spell levels left.
You didn't know any spells.
Your spell library contained the following spells:

 Spells                   Type           Power        Failure   Level  Hunger
 Sting                    Conj/Pois      ##..         19%         1    None
 Flame Tongue             Conj/Fire      #....        45%         1    None
 Spider Form              Tmut/Pois      ##........   50%         3    ###....
 Ignite Poison            Fire/Tmut/Pois ##......     65%         3    ###....


Dungeon Overview and Level Annotations

Branches:
Dungeon (2/15)

Altars:
Qazlal


Innate Abilities, Weirdness & Mutations

Your experience applies equally to all skills.
You have very sharp teeth.
Your uncanny sense of smell can sniff out nearby items.


Message History

* * * LOW HITPOINT WARNING * * *
The jackal bites you.
* * * LOW HITPOINT WARNING * * *
You block the jackal's attack.
You hit the jackal but do no damage.
The jackal is almost dead.
The jackal bites you.
* * * LOW HITPOINT WARNING * * *
You block the jackal's attack.
You hit the jackal.
You kill the jackal!
You block the jackal's attack. The jackal barely misses you.
The jackal bites you.
* * * LOW HITPOINT WARNING * * *
You closely miss the jackal. Your bite misses the jackal.
The jackal closely misses you.
It was a potion of invisibility.
You fade into invisibility!
The jackal bites you.
You die...

....# .......... .. ...##
##.....#.. ... ....#
#...##...##... #.#.### #
#...#.........
#.....########.##...#.........
#........)....................
#.......######.##.............
#.......### #.##..#..........
#.........# #.#@h............
#.......#.# ##...###..........
#.........###....##......?....
....................#.........
.###..............########....
......#....#....## ..##
..###.........)...#### .# ...
#....##.....#....### .
#....##....#####...#


You could see a jackal.

Vanquished Creatures
  An adder (D:2)
  An ooze (D:1)
  A dart slug (D:1)
  A leopard gecko (D:2)
  A giant cockroach (D:1)
  6 goblins
  9 hobgoblins
  4 jackals
  6 kobolds
  2 ball pythons
  4 bats
  2 frilled lizards
  6 rats
44 creatures vanquished.

Notes
Turn   | Place    | Note
-------+----------+-------------------------------------------
     0 | D:1      | Kagalorn the Gnoll Wanderer began the quest for the Orb.
     0 | D:1      | Kagalorn set off with the following items: a +0 dagger, a
                  | +0 robe, a +0 shield, a ration; and the following spells
                  | available to memorise: Sting, Flame Tongue, Spider Form,
                  | Ignite Poison
     0 | D:1      | Reached XP level 1. HP: 13/13 MP: 6/6
   337 | D:1      | Reached XP level 2. HP: 18/19 MP: 7/7
   687 | D:1      | Reached XP level 3. HP: 25/25 MP: 9/9
   717 | D:1      | Reached skill level 5 in Spellcasting
  1237 | D:1      | Reached skill level 1 in Invocations
  1674 | D:2      | Found a stormy altar of Qazlal.
  1743 | D:2      | Reached skill level 1 in Fighting
  1743 | D:2      | Reached skill level 1 in Short Blades
  1743 | D:2      | Reached skill level 1 in Long Blades
  1743 | D:2      | Reached skill level 1 in Axes
  1743 | D:2      | Reached skill level 1 in Maces & Flails
  1743 | D:2      | Reached skill level 1 in Polearms
  1743 | D:2      | Reached skill level 1 in Staves
  1743 | D:2      | Reached skill level 1 in Slings
  1743 | D:2      | Reached skill level 1 in Bows
  1743 | D:2      | Reached skill level 1 in Crossbows
  1743 | D:2      | Reached skill level 1 in Armour
  1743 | D:2      | Reached skill level 1 in Dodging
  1743 | D:2      | Reached skill level 1 in Stealth
  1743 | D:2      | Reached skill level 1 in Unarmed Combat
  1743 | D:2      | Reached skill level 1 in Evocations
  1743 | D:2      | Reached XP level 4. HP: 11/32 MP: 11/11
  1954 | D:2      | HP: 1/32 [jackal (2)]
  1956 | D:2      | Slain by a jackal

Levels and vault maps discovered:
D:1:      giann_forest_graveyard, layout_basic, minmay_domino_2
D:2:      layout_rooms, lemuel_coloured_pillars_altar,
          overflow_temple_1_default, skrybe_limestone_x,
          minmay_misc_feat_nine_boxes, kennysheep_generic_room_15

Skill      XL: |  1  2  3 |
---------------+----------+-----
Conjurations   | 2 |  2.2
Transmutations | 2 |  2.2
Air Magic      | 2 |  2.2
Spellcasting   | 5 |  5.0
Invocations    | 1 |  1.1
Fighting       | 1 |  1.0
Short Blades   | 1 |  1.0
Long Blades    | 1 |  1.0
Axes           | 1 |  1.0
Maces & Flails | 1 |  1.0
Polearms       | 1 |  1.0
Staves         | 1 |  1.0
Slings         | 1 |  1.0
Bows           | 1 |  1.0
Crossbows      | 1 |  1.0
Armour         | 1 |  1.0
Dodging        | 1 |  1.0
Stealth        | 1 |  1.0
Unarmed Combat | 1 |  1.0
Evocations     | 1 |  1.0
Throwing       | |  2.7
Shields        | |  2.7
Hexes          | |  0.7
Charms         | |  0.7
Summonings     | |  0.7
Necromancy     | |  0.7
Translocations | |  0.7
Fire Magic     | |  0.7
Ice Magic      | |  0.7
Earth Magic    | |  0.7
Poison Magic   | |  5.4

Action                   |  1- 3 |  4- 6 || total
-------------------------+-------+-------++-------
Melee: Dagger            |   209 |    26 ||   235
       Bite              |    27 |     3 ||    30
Throw: Stone             |     4 |       ||     4
  Use: Potion            |       |     1 ||     1
 Stab: Sleeping          |     5 |       ||     5
  Eat: Chunk             |     3 |     1 ||     4
Armor: Robe              |    36 |     4 ||    40
Dodge: Dodged            |    71 |    19 ||    90
Block: Shield            |    88 |    17 ||   105
